 Dungeon Crawl Stone Soup version 0.26-a0-852-g6321bf7485 (webtiles) character file.

Game seed: 1810035212504738113

21 dickylongcocking the Stinger (level 2, -1/19 HPs)
             Began as a Merfolk Venom Mage on Nov 21, 2020.
             Slain by an adder (4 damage)
             ... on level 2 of the Dungeon.
             The game lasted 00:00:57 (1477 turns).

dickylongcocking the Stinger (Merfolk Venom Mage)   Turns: 1477, Time: 00:00:58

Health: -1/19      AC:  4    Str:  8    XL:     2   Next: 83%
Magic:  1/5        EV: 13    Int: 14    God:
Gold:   47         SH:  0    Dex: 14    Spells: 4/5 levels left

rFire    . . .     SeeInvis .   n - +0 spear
rCold    . . .     Faith    .   (no shield)
rNeg     . . .     Spirit   .   a - +0 robe
rPois    .         Reflect  .   e - +2 hat
rElec    .         Harm     .   (no cloak)
rCorr    .         Rampage  .   (no gloves)
MR       .....                  (no boots)
Stlth    ++........             (no amulet)
HPRegen  0.06/turn              (no ring)
MPRegen  0.09/turn              (no ring)

@: lethally poisoned (-1 -> -8), very slightly contaminated
A: change form in water, swift swim, stealthy swim
a: no special abilities


You were on level 2 of the Dungeon.
You visited 1 branch of the dungeon, and saw 2 of its levels.

You collected 47 gold pieces.

Inventory:

Hand Weapons
 f - a +3 dagger
 n - a +0 spear (weapon)
Armour
 a - a +0 robe (worn)
 e - a +2 hat (worn)
Jewellery
 j - a +4 ring of evasion {unknown}
Scrolls
 c - a scroll of fog {unknown}
 g - 5 scrolls of identify {unknown}
 h - a scroll of remove curse {unknown}
 l - a scroll of fear {unknown}
Potions
 b - 2 potions of might {unknown}
 d - 3 potions of curing {unknown}
 i - a potion of berserk rage {unknown}
 k - a potion of brilliance {unknown}
 m - a potion of cancellation {unknown}


   Skills:
 * Level 0.1 Fighting
 * Level 0.3 Polearms
 - Level 2.6 Dodging
 - Level 2.1 Stealth
 - Level 2.0 Spellcasting
 - Level 1.3 Transmutations
 * Level 4.3 Poison Magic


You had 4 spell levels left.
You knew the following spells:

 Your Spells              Type           Power        Failure   Level
a - Sting                 Tmut/Pois      #...         8%          1

Your spell library contained the following spells:

 Spells                   Type           Power        Failure   Level
 Poisonous Vapours        Pois/Air       #.....       14%         2
 Ignite Poison            Fire/Tmut/Pois #.......     32%         3
 Mephitic Cloud           Conj/Pois/Air  #.......     36%         3
 Olgreb's Toxic Radiance  Pois           ##......     36%         4


Dungeon Overview and Level Annotations

Branches:
Dungeon (2/15)

Altars:


Message History

Press: ? - help, Shift-Dir - straight line, f/p - adder
Aim: an adder (lightly wounded, poisoned)
The sting hits the adder.
The adder looks even sicker.
The adder is heavily wounded.
The goblin shoots a stone.
The stone hits you but does no damage. The adder bites you.
You are poisoned.
The adder poisons you!
A rat and a quokka come into view.
You feel sick.
An adder comes into view.
The adder bites you.
You are lethally poisoned!
The adder poisons you!
You feel sick.
There is a stone staircase leading up here.
The adder bites you.
* * * LOW HITPOINT WARNING * * *
The rat closely misses you. The adder bites you.
You die...

#.#......#.#..#S
####.........$......
#<..........g.......
#####†##.........#......
......##.#.##(.#...#..#
####..##.......g..#...#
#..####.##.#.#...##
#...###.##.#.S....#
#.#...#.##...@r...#
#..(.(..####......#
#.....).....)....##
####..............r
##.###########.... #.#
#.## #.# .# #.# # ...


You could see an adder (poisoned), a quokka (asleep), a goblin and a rat.

Vanquished Creatures
  A leopard gecko (D:1)
  2 bats (D:1)
  A giant cockroach (D:1)
  4 goblins
  3 hobgoblins
  A kobold (D:1)
  4 frilled lizards (D:1)
  2 rats
18 creatures vanquished.

Notes
Turn   | Place    | Note
-------+----------+-------------------------------------------
     0 | D:1      | dickylongcocking the Merfolk Venom Mage began the quest for
                  | the Orb.
     0 | D:1      | Reached XP level 1. HP: 13/13 MP: 3/3
     6 | D:1      | Noticed an iguana
     6 | D:1      | Noticed a redback
     6 | D:1      | Noticed a water moccasin
     7 | D:1      | Noticed a hound
   103 | D:1      | Reached XP level 2. HP: 16/19 MP: 1/5
   353 | D:1      | Reached skill level 4 in Poison Magic
  1477 | D:2      | Slain by an adder

Illustrated notes

Levels and vault maps discovered:
D:1:      onia_arrival_zoo_common, layout_basic
D:2:      layout_loops_ring

Skill      XL: |  1  2 |
---------------+-------+-----
Poison Magic   | 4 |  4.3
Fighting       | |  0.1
Polearms       | |  0.3
Dodging        | |  2.6
Stealth        | |  2.1
Spellcasting   | |  2.0
Transmutations | |  1.3

Action                   || total
-------------------------++-------
Melee: Dagger            ||     3
 Cast: Sting             ||    28
Armor: Robe              ||     4
Dodge: Dodged            ||    15

Table legend: (Time is in decaauts)
 A = Elapsed time spent in this place.
 B = Non-inter-level travel time spent in this place.
 C = Inter-level travel time spent in this place.
 D = Time resting spent in this place.
 E = Time spent auto-exploring this place.
 F = Levels seen in this place.
 G = Mean time per level.
                   A        B        C        D        E       F      G
               +--------+--------+--------+--------+--------+-----+--------+
         Total |   1476 |   1322 |    154 |    129 |   1047 |   2 |  738.0 |
       Dungeon |   1476 |   1322 |    154 |    129 |   1047 |   2 |  738.0 |
               +--------+--------+--------+--------+--------+-----+--------+

Top non-repeatable levels by time:
     D:1: 1426 daAuts
     D:2: 50 daAuts
